 Dungeon Crawl Stone Soup version 0.30-a0-748-ge6a52f7cba (webtiles) character file.

Game seed: 3649693247901362953

7 boo the Trooper (level 1, 0/18 HPs)
             Began as a Demonspawn Monk on Feb 9, 2023.
             Slain by a jackal (2 damage)
             ... on level 1 of the Dungeon.
             The game lasted 00:00:25 (181 turns).

boo the Trooper (Demonspawn Monk)                    Turns: 181, Time: 00:00:25

Health: 0/18       AC:  2    Str: 11    XL:     1   Next: 83%
Magic:  1/1        EV: 13    Int: 11    God:
Gold:   12         SH:  0    Dex: 15    Spells: 0/0 levels left

rFire   . . .      SeeInvis .      - Unarmed
rCold   . . .      Faith    .    (no shield)
rNeg    . . .      Spirit   .    a - +0 robe
rPois   .          Reflect  .    (no helmet)
rElec   .          Harm     .    (no cloak)
rCorr   .          Rampage  .    (no gloves)
Will    .....                    (no boots)
Stlth   ++                       (no amulet)
HPRegen 0.23/turn                (no ring)
MPRegen 0.07/turn                (no ring)

@: no status effects
A: no striking features
a: no special abilities


You were on level 1 of the Dungeon.
You visited 1 branch of the dungeon, and saw 1 of its levels.

You collected 12 gold pieces.

Inventory:

Armour
 a - a +0 robe (worn)
Potions
 b - a potion of ambrosia
 c - a potion of haste {unknown}


   Skills:
 + Level 3.1 Fighting
 + Level 2.8 Dodging
 - Level 1.7 Stealth
 * Level 2.9 Unarmed Combat


You couldn't memorise any spells.
You didn't know any spells.
Your spell library was empty.

Dungeon Overview and Level Annotations

Branches:
Dungeon (1/15)

Altars:


Message History

2 jackals come into view.
A quokka comes into view.
The hobgoblin shouts!
You hear a shout!
A hobgoblin comes into view.
You hit the hobgoblin but do no damage. The hobgoblin completely misses you.
You hit the hobgoblin.
The hobgoblin is almost dead.
The hobgoblin barely misses you.
You hit the hobgoblin.
You kill the hobgoblin!
A goblin comes into view. It is wielding a +0 dagger.
You closely miss the hobgoblin. The hobgoblin misses you.
You barely miss the hobgoblin. The hobgoblin barely misses you.
You barely miss the hobgoblin. The quokka bites you.
The hobgoblin closely misses you. The quokka barely misses you.
You hit the hobgoblin but do no damage. The hobgoblin hits you.
The quokka bites you.
You are too injured to fight recklessly!
You are too injured to fight recklessly!
You are too injured to fight recklessly!
The hobgoblin attacks as you move away! The hobgoblin misses you.
The quokka attacks as you move away! The quokka misses you.
The jackal barks!
The hobgoblin attacks as you move away! The hobgoblin barely misses you.
The hobgoblin attacks as you move away! The hobgoblin barely misses you.
The quokka attacks as you move away! The quokka closely misses you.
The jackal barks!
The jackal closely misses you.
The quokka twitches its whiskers.
A jackal comes into view.
The jackal barely misses you. The jackal bites you. The quokka bites you.
* * * LOW HITPOINT WARNING * * *
The hobgoblin attacks as you move away! The hobgoblin barely misses you.
The quokka attacks as you move away! The quokka closely misses you.
The jackal bites you.
* * * LOW HITPOINT WARNING * * *
The jackal barely misses you. The jackal attacks as you move away!
The jackal misses you. The jackal barely misses you. The jackal bites you.
You die...

## .. # h###.# ......
#+#########....# #
#.............. ..
###+#.......h########...
...........rh@..........
..........#.g......#####
.............##.>..#
.........$...##....#
.............##.#####
.........$...##.)†..#
......#########..##.#
...... #...#.### .
#.#.#...#####


You could see a quokka, 2 jackals and a hobgoblin.

Vanquished Creatures
  A hobgoblin (D:1)
  2 jackals (D:1)
  A kobold (D:1)
  A quokka (D:1)
5 creatures vanquished.

Notes
Turn   | Place    | Note
-------+----------+-------------------------------------------
     0 | D:1      | boo the Demonspawn Monk began the quest for the Orb.
     0 | D:1      | Reached XP level 1. HP: 18/18 MP: 1/1
   181 | D:1      | Slain by a jackal

Illustrated notes

Levels and vault maps discovered:
D:1:      lemuel_arrival_rhombus, layout_basic, minmay_close_crescents

Action                     || total
---------------------------++-------
  Melee: Unarmed           ||    29
   Stab: Sleeping          ||     1
 Armour: Robe              ||     5
  Dodge: Dodged            ||    30

Table legend: (Time is in decaauts)
 A = Elapsed time spent in this place.
 B = Non-inter-level travel time spent in this place.
 C = Inter-level travel time spent in this place.
 D = Time resting spent in this place.
 E = Time spent auto-exploring this place.
 F = Levels seen in this place.
 G = Mean time per level.
                   A        B        C        D        E       F      G
               +--------+--------+--------+--------+--------+-----+--------+
         Total |    179 |    179 |      0 |     89 |     27 |   1 |  179.0 |
       Dungeon |    179 |    179 |      0 |     89 |     27 |   1 |  179.0 |
               +--------+--------+--------+--------+--------+-----+--------+

Top non-repeatable levels by time:
     D:1: 179 daAuts
